TOP OF THE 1ST |
Biloxi Shuckers batting - Pitching for Tulsa Drillers : RHP Santiago Montero
|
Pitching: RHP Santiago Montero
|
|
Batting: RHB Hector Silva
|
0-0: Ball 1-0: SINGLE (Flyball, 89S, EV 98.8 MPH)
|
Batting: RHB Herb McIntyre
|
0-0: Ball Hector Silva steals 2nd base (no throw) 1-0: SINGLE (Line Drive, 4MD, EV 105.6 MPH) Hector Silva to third Runner from 3rd tries for Home, throw by CF and OUT! 8-2
|
Batting: LHB Adam Hill
|
0-0: Ball 1-0: DOUBLE (Line Drive, 7LM, EV 105.6 MPH) Herb McIntyre to third
|
Batting: RHB Ben Taylor
|
0-0: Ball 1-0: Fly out, F8 (Flyball, 8RM, EV 86.9 MPH)
|
Batting: RHB Steve Byerly
|
0-0: Foul Ball, location: 2F 0-1: Ball 1-1: Ball 2-1: Called Strike 2-2: Ground out 5-3 (Groundball, 56, EV 98.8 MPH)
|
Top of the 1st over - 0 runs, 3 hits, 0 errors, 2 left on base; Biloxi 0 - Tulsa 0 |
BOTTOM OF THE 1ST |
Tulsa Drillers batting - Pitching for Biloxi Shuckers : RHP Alberto Pickett
|
Pitching: RHP Alberto Pickett
|
|
Batting: LHB Tony Morales
|
0-0: Ball 1-0: Foul Ball, location: 2F 1-1: Ball 2-1: Foul Ball, location: 2F 2-2: Foul Ball, location: 2F 2-2: Foul Ball, location: 2F 2-2: Ball 3-2: Fly out, F7 (Flyball, 7LMF, EV 100.6 MPH)
|
Batting: LHB Kevin Wiebe
|
0-0: Ball 1-0: Foul Ball, location: 2F 1-1: Ball 2-1: Foul Ball, location: 2F 2-2: Strikes out swinging
|
Batting: LHB Jesus Ramirez
|
0-0: Foul Ball, location: 2F 0-1: Foul Ball, location: 2F 0-2: Foul Ball, location: 2F 0-2: Ball 1-2: Strikes out looking
|
Bottom of the 1st over - 0 runs, 0 hits, 0 errors, 0 left on base; Biloxi 0 - Tulsa 0 |
TOP OF THE 2ND |
Biloxi Shuckers batting - Pitching for Tulsa Drillers : RHP Santiago Montero
|
Batting: RHB Brian Landrum
|
0-0: Ball 1-0: Called Strike 1-1: Swinging Strike 1-2: Strikes out looking
|
Batting: RHB Cameron Rattenbury
|
0-0: Called Strike 0-1: Ball 1-1: Ground out 6-3 (Groundball, 6, EV 102.5 MPH)
|
Batting: LHB Paul Collins
|
0-0: Ball 1-0: Called Strike 1-1: Ball 2-1: Ball 3-1: Base on Balls
|
Batting: RHB Juan Villanueva
|
0-0: Ball Paul Collins is caught stealing 2nd base 2-4
|
Top of the 2nd over - 0 runs, 0 hits, 0 errors, 0 left on base; Biloxi 0 - Tulsa 0 |
BOTTOM OF THE 2ND |
Tulsa Drillers batting - Pitching for Biloxi Shuckers : RHP Alberto Pickett
|
Batting: RHB Marcos Villalobos
|
0-0: Fly out, F9 (Flyball, 9, EV 91.9 MPH)
|
Batting: RHB Carlos Talavera
|
0-0: Ball 1-0: Foul Ball, location: 2F 1-1: Ground out 1-3 (Groundball, 13S, EV 71.9 MPH)
|
Batting: RHB Nick Getz
|
0-0: Ball 1-0: Ball 2-0: Foul Ball, location: 2F 2-1: Ball 3-1: Base on Balls
|
Batting: RHB Tony Rivera
|
0-0: Ball 1-0: Ball 2-0: Ground out 4-3 (Groundball, 34S, EV 88.1 MPH)
|
Bottom of the 2nd over - 0 runs, 0 hits, 0 errors, 1 left on base; Biloxi 0 - Tulsa 0 |
TOP OF THE 3RD |
Biloxi Shuckers batting - Pitching for Tulsa Drillers : RHP Santiago Montero
|
Batting: RHB Juan Villanueva
|
0-0: Called Strike 0-1: Foul Ball, location: 2F 0-2: Ball 1-2: Ball 2-2: Strikes out swinging
|
Batting: RHB Hector Silva
|
0-0: Foul Ball, location: 2F 0-1: Ball 1-1: Foul Ball, location: 2F 1-2: Fly out, F9 (Flyball, 9D, EV 103.8 MPH)
|
Batting: RHB Herb McIntyre
|
0-0: SOLO HOME RUN (Line Drive, 7LD, EV 99.4 MPH), Distance : 374 ft
|
Batting: LHB Adam Hill
|
0-0: Called Strike 0-1: Ball 1-1: Called Strike 1-2: Ball 2-2: Foul Ball, location: 2F 2-2: Fly out, F8 (Flyball, 8RD, EV 98.8 MPH)
|
Top of the 3rd over - 1 run, 1 hit, 0 errors, 0 left on base; Biloxi 1 - Tulsa 0 |
BOTTOM OF THE 3RD |
Tulsa Drillers batting - Pitching for Biloxi Shuckers : RHP Alberto Pickett
|
Batting: RHB Jim Rogers
|
0-0: Ball 1-0: Ball 2-0: DOUBLE (Flyball, 8RXD, EV 106.2 MPH)
|
Batting: RHB Mike Plugge
|
0-0: Ball 1-0: Fly out, F7 (Flyball, 78M, EV 88.8 MPH)
|
Batting: LHB Tony Morales
|
0-0: Ball 1-0: Ball 2-0: Called Strike 2-1: Ball 3-1: Foul Ball, location: 2F 3-2: Base on Balls
|
Batting: LHB Kevin Wiebe
|
0-0: Ball 1-0: Foul Ball, location: 2F 1-1: Swinging Strike 1-2: Strikes out looking
|
Batting: LHB Jesus Ramirez
|
0-0: Foul Ball, location: 2F 0-1: Ball 1-1: Ball 2-1: Foul Ball, location: 2F 2-2: Ball 3-2: 3-RUN HOME RUN (Flyball, 78XD, EV 99.4 MPH), Distance : 389 ft
|
Batting: RHB Marcos Villalobos
|
0-0: Called Strike 0-1: Ball 1-1: Ball 2-1: Fly out, F3 (Popup, 3D, EV 64.4 MPH)
|
Bottom of the 3rd over - 3 runs, 2 hits, 0 errors, 0 left on base; Biloxi 1 - Tulsa 3 |
TOP OF THE 4TH |
Biloxi Shuckers batting - Pitching for Tulsa Drillers : RHP Santiago Montero
|
Batting: RHB Ben Taylor
|
0-0: Ground out 5-3 (Groundball, 5L, EV 85.0 MPH)
|
Batting: RHB Steve Byerly
|
0-0: Foul Ball, location: 2F 0-1: Ball 1-1: Ball 2-1: Foul Ball, location: 2F 2-2: Ground out 1-3 (Groundball, 13, EV 76.9 MPH)
|
Batting: RHB Brian Landrum
|
0-0: Swinging Strike 0-1: Foul Ball, location: 2F 0-2: Strikes out looking
|
Top of the 4th over - 0 runs, 0 hits, 0 errors, 0 left on base; Biloxi 1 - Tulsa 3 |
BOTTOM OF THE 4TH |
Tulsa Drillers batting - Pitching for Biloxi Shuckers : RHP Alberto Pickett
|
Batting: RHB Carlos Talavera
|
0-0: Called Strike 0-1: Ball 1-1: Swinging Strike 1-2: Reached on error, E1 (Groundball, 15S, EV 68.1 MPH)
|
Batting: RHB Nick Getz
|
0-0: Ball 1-0: Ball 2-0: Ball 3-0: Called Strike 3-1: Called Strike 3-2: Foul Ball, location: 2F 3-2: Ground out 6-3 (Groundball, 6, EV 91.9 MPH)
|
Batting: RHB Tony Rivera
|
0-0: Ground out 6-3 (Groundball, 6, EV 81.9 MPH)
|
Batting: RHB Jim Rogers
|
0-0: 2-RUN HOME RUN (Flyball, 9D, EV 98.1 MPH), Distance : 363 ft
|
Pitching: RHP Chris Bedard
|
|
Batting: RHB Mike Plugge
|
0-0: Foul Ball, location: 2F 0-1: Ground out 3-1 (Groundball, 34S, EV 79.4 MPH)
|
Bottom of the 4th over - 2 runs, 1 hit, 1 error, 0 left on base; Biloxi 1 - Tulsa 5 |
TOP OF THE 5TH |
Biloxi Shuckers batting - Pitching for Tulsa Drillers : RHP Santiago Montero
|
Batting: RHB Cameron Rattenbury
|
0-0: Ground out 6-3 (Groundball, 6, EV 100.6 MPH)
|
Batting: LHB Paul Collins
|
0-0: Called Strike 0-1: Foul Ball, location: 2F 0-2: Strikes out swinging
|
Batting: RHB Juan Villanueva
|
0-0: Ground out 6-3 (Groundball, 56D, EV 103.1 MPH)
|
Top of the 5th over - 0 runs, 0 hits, 0 errors, 0 left on base; Biloxi 1 - Tulsa 5 |
BOTTOM OF THE 5TH |
Tulsa Drillers batting - Pitching for Biloxi Shuckers : RHP Chris Bedard
|
Batting: LHB Tony Morales
|
0-0: Ball 1-0: Called Strike 1-1: Ball 2-1: Foul Ball, location: 2F 2-2: Ball 3-2: Foul Ball, location: 2F 3-2: Ground out 6-3 (Groundball, 4M, EV 106.9 MPH)
|
Batting: LHB Kevin Wiebe
|
0-0: Foul Ball, location: 2F 0-1: Ball 1-1: Ball 2-1: Ball 3-1: Ground out U3 (Groundball, 3, EV 91.9 MPH)
|
Batting: LHB Jesus Ramirez
|
0-0: Swinging Strike 0-1: Foul Ball, location: 2F 0-2: Foul Ball, location: 2F 0-2: Foul Ball, location: 2F 0-2: Ball 1-2: Ground out 6-3 (Groundball, 6, EV 82.5 MPH)
|
Bottom of the 5th over - 0 runs, 0 hits, 0 errors, 0 left on base; Biloxi 1 - Tulsa 5 |
TOP OF THE 6TH |
Biloxi Shuckers batting - Pitching for Tulsa Drillers : RHP Santiago Montero
|
Batting: RHB Hector Silva
|
0-0: Called Strike 0-1: Swinging Strike 0-2: Foul Ball, location: 2F 0-2: Strikes out looking
|
Batting: RHB Herb McIntyre
|
0-0: Ball 1-0: Ground out 6-3 (Groundball, 56, EV 103.1 MPH)
|
Batting: LHB Adam Hill
|
0-0: Called Strike 0-1: Called Strike 0-2: Strikes out swinging
|
Top of the 6th over - 0 runs, 0 hits, 0 errors, 0 left on base; Biloxi 1 - Tulsa 5 |
BOTTOM OF THE 6TH |
Tulsa Drillers batting - Pitching for Biloxi Shuckers : RHP Chris Bedard
|
Batting: RHB Marcos Villalobos
|
0-0: Ball 1-0: Ground out 6-3 (Groundball, 6, EV 103.1 MPH)
|
Batting: RHB Carlos Talavera
|
0-0: Ball 1-0: Ball 2-0: Called Strike 2-1: Called Strike 2-2: Ball 3-2: Foul Ball, location: 2F 3-2: Foul Ball, location: 2F 3-2: Strikes out looking
|
Batting: RHB Nick Getz
|
0-0: Ball 1-0: Swinging Strike 1-1: Foul Ball, location: 2F 1-2: Ball 2-2: Ball 3-2: Fly out, F9 (Flyball, 9D, EV 85.0 MPH)
|
Bottom of the 6th over - 0 runs, 0 hits, 0 errors, 0 left on base; Biloxi 1 - Tulsa 5 |
TOP OF THE 7TH |
Biloxi Shuckers batting - Pitching for Tulsa Drillers : RHP Santiago Montero
|
Batting: RHB Ben Taylor
|
0-0: Called Strike 0-1: Ball 1-1: Called Strike 1-2: Foul Ball, location: 2F 1-2: Foul Ball, location: 2F 1-2: Ball 2-2: SINGLE (Groundball, 6MD, EV 101.2 MPH)
|
Batting: RHB Steve Byerly
|
0-0: Called Strike 0-1: Swinging Strike 0-2: Ball 1-2: Grounds into double play, 4-6-3 (Groundball, 4, EV 82.5 MPH)
|
Batting: RHB Brian Landrum
|
0-0: Ball 1-0: Called Strike 1-1: Foul Ball, location: 2F 1-2: Foul Ball, location: 2F 1-2: Foul Ball, location: 2F 1-2: Ball 2-2: Ball 3-2: Base on Balls
|
Batting: RHB Cameron Rattenbury
|
0-0: Foul Ball, location: 2F 0-1: Foul Ball, location: 2F 0-2: Ball 1-2: Strikes out swinging
|
Top of the 7th over - 0 runs, 1 hit, 0 errors, 1 left on base; Biloxi 1 - Tulsa 5 |
BOTTOM OF THE 7TH |
Tulsa Drillers batting - Pitching for Biloxi Shuckers : RHP Chris Bedard
|
Pitching: LHP Jim McCutcheon
|
|
Batting: RHB Tony Rivera
|
0-0: Called Strike 0-1: Ball 1-1: Swinging Strike 1-2: Ball 2-2: Foul Ball, location: 2F 2-2: Strikes out swinging
|
Batting: RHB Jim Rogers
|
0-0: SINGLE (Line Drive, 8LS, EV 104.4 MPH)
|
Batting: RHB Mike Plugge
|
0-0: Ball 1-0: Called Strike 1-1: Ball 2-1: Foul Ball, location: 2F 2-2: Ball 3-2: Fly out, F7 (Flyball, 7S, EV 94.4 MPH)
|
Batting: LHB Tony Morales
|
0-0: Ball 1-0: Ball 2-0: Ball 3-0: Called Strike 3-1: Base on Balls Jim Rogers to second
|
Batting: LHB Kevin Wiebe
|
0-0: Called Strike 0-1: Called Strike 0-2: Ball 1-2: Ball 2-2: Strikes out swinging
|
Bottom of the 7th over - 0 runs, 1 hit, 0 errors, 2 left on base; Biloxi 1 - Tulsa 5 |
TOP OF THE 8TH |
Biloxi Shuckers batting - Pitching for Tulsa Drillers : RHP Santiago Montero
|
Batting: LHB Paul Collins
|
0-0: Swinging Strike 0-1: Ball 1-1: Foul Ball, location: 2F 1-2: Strikes out looking
|
Batting: RHB Juan Villanueva
|
0-0: Called Strike 0-1: Ball 1-1: Ball 2-1: Called Strike 2-2: SINGLE (Line Drive, 5D, EV 95.0 MPH)
|
Pitching: RHP Juan Rodriguez
|
|
Batting: RHB Hector Silva
|
0-0: Foul Ball, location: 2F 0-1: Ball Wild Pitch! Juan Villanueva to second 1-1: Ball 2-1: Called Strike 2-2: Ground out 5-3 (Groundball, 5, EV 83.8 MPH)
|
Batting: RHB Herb McIntyre
|
0-0: Ball 1-0: Ball 2-0: Fly out, F8 (Flyball, 8LD, EV 104.4 MPH)
|
Top of the 8th over - 0 runs, 1 hit, 0 errors, 1 left on base; Biloxi 1 - Tulsa 5 |
BOTTOM OF THE 8TH |
Tulsa Drillers batting - Pitching for Biloxi Shuckers : LHP Jim McCutcheon
|
Batting: LHB Jesus Ramirez
|
0-0: Ball 1-0: Called Strike 1-1: Called Strike 1-2: Ground out 1-3 (Groundball, 13, EV 66.2 MPH)
|
Batting: RHB Marcos Villalobos
|
0-0: Called Strike 0-1: Ball 1-1: Ball 2-1: Swinging Strike 2-2: Ball 3-2: Foul Ball, location: 2F 3-2: Fly out, F8 (Flyball, 8RM, EV 79.4 MPH)
|
Batting: RHB Carlos Talavera
|
0-0: Ball 1-0: Fly out, F7 (Flyball, 78M, EV 80.6 MPH)
|
Bottom of the 8th over - 0 runs, 0 hits, 0 errors, 0 left on base; Biloxi 1 - Tulsa 5 |
TOP OF THE 9TH |
Biloxi Shuckers batting - Pitching for Tulsa Drillers : RHP Juan Rodriguez
|
Batting: LHB Adam Hill
|
0-0: Called Strike 0-1: Called Strike 0-2: Strikes out looking
|
Batting: RHB Ben Taylor
|
0-0: Ball 1-0: Ball 2-0: Ball 3-0: Ground out U3 (Groundball, 34D, EV 89.4 MPH)
|
Batting: RHB Steve Byerly
|
0-0: Called Strike 0-1: Ball 1-1: Ball 2-1: Swinging Strike 2-2: Foul Ball, location: 2F 2-2: Ball 3-2: Foul Ball, location: 2F 3-2: Foul Ball, location: 2F 3-2: Foul Ball, location: 2F 3-2: Base on Balls
|
Batting: RHB Brian Landrum
|
Pickoff Throw to First - Out! 1-3
|
Top of the 9th over - 0 runs, 0 hits, 0 errors, 0 left on base; Biloxi 1 - Tulsa 5 |
|